 Dungeon Crawl Stone Soup version 0.31-a0-233-g139696dc86 (webtiles) character file.

Game seed: 6280739045995753320

1310 Nattfarinn the Trooper (level 8, -7/62 HPs)
             Began as a Djinni Venom Mage on July 9, 2023.
             Mangled by an ice beast (9 damage)
             ... on level 6 of the Dungeon.
             The game lasted 00:18:05 (4045 turns).

Nattfarinn the Trooper (Djinni Venom Mage)          Turns: 4045, Time: 00:18:05

Health: -7/62      AC:  4    Str:  7    XL:     8   Next: 88%
Gold:   161        EV: 12    Int: 19    God:
                   SH:  0    Dex: 14

rFire   + + .        h - +0 dagger (speed)
rCold   x . .        (no shield)
rNeg    . . .        a - +0 robe
rPois   ∞            (no helmet)
rElec   .            y - +1 cloak {Stlth+}
rCorr   .            (no gloves)
SInv    .            (boots unavailable)
Will    +....        k - amulet of regeneration
Stlth   +++          o - ring of willpower
HPRegen 1.10/turn    (no ring)
MPRegen 0.00/turn

%: infuse magic (-8 HP)
@: flying
A: sickness immunity, fire resistance 2, cold vulnerability 1, float, innate
caster, HP casting, extra vitality 1
a: no special abilities


You were on level 6 of the Dungeon.
You visited 1 branch of the dungeon, and saw 6 of its levels.
You also visited: Sewer.

You collected 287 gold pieces.
You spent 126 gold pieces at shops.

Inventory:

Hand Weapons
 h - a +0 dagger of speed (weapon)
 B - a +0 shortbow of freezing
Missiles
 b - a throwing net
Armour
 a - a +0 robe (worn)
 n - a +2 scale mail of fire resistance
 y - a +1 cloak of stealth (worn)
Magical Staves
 j - a staff of air
Jewellery
 k - an amulet of regeneration (around neck)
 o - a ring of willpower (left hand)
 E - a +6 ring of strength
Wands
 f - a wand of charming (13)
Scrolls
 d - 2 scrolls of revelation
 e - a scroll of immolation
 i - 2 scrolls of identify
 l - a scroll of brand weapon
 m - a scroll of poison {unknown}
 w - 2 scrolls of silence {unknown}
 x - 2 scrolls of vulnerability {unknown}
 z - a scroll of enchant armour {unknown}
 D - a scroll of teleportation {unknown}
Potions
 c - 2 potions of attraction {unknown}
 g - 5 potions of enlightenment
 p - a potion of mutation {unknown}
 q - 2 potions of heal wounds {unknown}
 r - a potion of experience {unknown}
 s - 4 potions of might {unknown}
 t - a potion of resistance {unknown}
 u - a potion of invisibility {unknown}
 v - a potion of brilliance {unknown}
 A - a potion of lignification
 C - 2 potions of haste


   Skills:
 + Level 6.7 Fighting
 - Level 2.1 Dodging
 - Level 1.5 Stealth
 - Level 6.3 Spellcasting
 - Level 6.3 Conjurations
 - Level 6.3 Hexes
 - Level 6.3 Summonings
 - Level 6.3 Necromancy
 - Level 6.3 Translocations
 - Level 6.3 Transmutations
 - Level 6.3 Fire Magic
 - Level 6.3 Ice Magic
 - Level 6.3 Air Magic
 - Level 6.3 Earth Magic
 - Level 6.3 Poison Magic


You knew the following spells:

 Your Spells              Type           Power      Damage    Failure   Level
a - Sting                 Tmut/Pois      100%       1d8       1%          1
b - Poisonous Vapours     Pois/Air       60%        N/A       1%          2
c - Mephitic Cloud        Conj/Pois/Air  30%        N/A       2%          3
d - Olgreb's Toxic Radia  Pois           30%        N/A       9%          4
e - Magic Dart            Conj           100%       1d8       1%          1
f - Lesser Beckoning      Tloc           60%        N/A       1%          2
g - Teleport Other        Tloc           30%        N/A       2%          3
Your spell library was empty.

Dungeon Overview and Level Annotations

Branches:
Dungeon (6/15)              Sewer (visited)
 Temple: D:4-7

Altars:
Dithmenos
Yredelemnul

Shops:
D:4 !


Innate Abilities, Weirdness & Mutations

You are immune to sickness and miasma.
You are immune to poison.
Your flesh is very heat resistant. (rF++)
You are vulnerable to cold. (rC-)
You float through the air rather than walking.
You learn spells naturally, not from books.
Your magical power is your life essence.
You have superior vitality. (+4 MHP)


Message History

There is a stone staircase leading down here.
You fly downwards.
Found 12 gold pieces and a scale mail.
There is a stone staircase leading up here.
You now have 147 gold pieces (gained 12).
E - a +6 ring of strength You now have 161 gold pieces (gained 14).
An ice beast comes into view.
The sting hits the ice beast.
The ice beast partially resists.
The ice beast is lightly wounded.
The sting misses the ice beast.
The ice beast barely misses you.
The sting misses the ice beast.
The ice beast closely misses you.
The sting hits the ice beast.
The ice beast partially resists.
The ice beast is lightly wounded.
The ice beast hits you but does no damage.
The sting misses the ice beast.
The ice beast hits you. The ice beast freezes you!!
You feel a terrible chill!
The sting misses the ice beast.
The ice beast hits you. The ice beast freezes you!
You feel a terrible chill!
You are too injured to fight recklessly!
You are too injured to fight recklessly!
You are too injured to fight recklessly!
You are too injured to fight recklessly!
Okay, then.
Casting: Sting (safe; 1% risk of failure)
Confirm with . or Enter, or press ? or * to list all spells.
Okay, then.
Casting: Sting (safe; 1% risk of failure)
Confirm with . or Enter, or press ? or * to list all spells.
Aiming: Teleport Other (dangerous; 2% risk of failure)
Press: ? - help, Shift-Dir - straight line, f/p - ice beast
Aim: an ice beast (lightly wounded, chance to affect: 69%)
The ice beast looks slightly unstable.
The ice beast barely misses you. The ice beast attacks as you move away!
The ice beast hits you. The ice beast freezes you!!
You feel a terrible chill!
* * * LOW HITPOINT WARNING * * *
The ice beast attacks as you move away! The ice beast hits you.
* * * LOW HITPOINT WARNING * * *
The ice beast freezes you!
You feel a terrible chill!
You die...

#.#.... #.#.#.#
#.#.#.# #.#.#.#
###.#.#.##
#.......<# #####
#.#.#.#[.#
#.....###.#.#.#.....
#....Y@.#.#.##.##.#
#.#######...##.# #
...........##.#
..########.##.#
#.##.# #.# #.# ...
...


You could see an ice beast (teleporting).

Vanquished Creatures
  An ogre (D:5)
  Blork the orc (D:5)
  3 kobold brigands
  3 scorpions
  A jelly (D:5)
  4 orc priests
  Crazy Yiuf (D:3)
  A hound (D:5)
  2 iguanas
  A sleepcap (D:4)
  Jessica (D:2)
  Terence (D:2)
  2 scorpion zombies (D:3)
  Natasha (thrice) (D:2)
  3 orc wizards (D:5)
  6 adders
  4 gnolls (D:3)
  A white imp (D:5)
  An adder zombie (D:3)
  2 worms (D:2)
  3 dart slugs
  9 orcs
  13 bats
  8 endoplasms
  2 giant cockroaches
  6 goblins
  10 hobgoblins
  3 jackals (D:1)
  7 quokkas
  11 ball pythons
  4 frilled lizards
  19 kobolds
  10 rats
147 creatures vanquished.

Notes
Turn   | Place    | Note
-------+----------+-------------------------------------------
     0 | D:1      | Nattfarinn the Djinni Venom Mage began the quest for the
                  | Orb.
     0 | D:1      | Nattfarinn set off with the following spells memorised:
                  | Sting, Poisonous Vapours, Mephitic Cloud, Olgreb's Toxic
                  | Radiance.
     0 | D:1      | Reached XP level 1. HP: 15/15 MP: 0/0
     3 | D:1      | Noticed an electric eel
     4 | D:1      | Noticed an electric eel
   136 | D:1      | Reached XP level 2. HP: 19/21 MP: 0/0
   264 | D:1      | Reached XP level 3. HP: 17/25 MP: 0/0
   264 | D:1      | Learned a level 1 spell: Magic Dart
   357 | D:1      | Found a faded altar of an unknown god.
  1125 | D:2      | Reached XP level 4. HP: 22/31 MP: 0/0
  1259 | D:2      | Noticed Terence
  1269 | D:2      | Killed Terence
  1335 | D:2      | Noticed Jessica
  1341 | D:2      | Reached XP level 5. HP: 29/35 MP: 0/0
  1341 | D:2      | Learned a level 2 spell: Lesser Beckoning
  1341 | D:2      | Killed Jessica
  1500 | D:2      | Noticed Natasha
  1507 | D:2      | Killed Natasha
  1625 | D:2      | Noticed Natasha
  1638 | D:2      | Killed Natasha
  1639 | D:2      | Reached skill level 5 in Spellcasting
  1639 | D:2      | Reached skill level 5 in Conjurations
  1639 | D:2      | Reached skill level 5 in Hexes
  1639 | D:2      | Reached skill level 5 in Summonings
  1639 | D:2      | Reached skill level 5 in Necromancy
  1639 | D:2      | Reached skill level 5 in Translocations
  1639 | D:2      | Reached skill level 5 in Transmutations
  1639 | D:2      | Reached skill level 5 in Fire Magic
  1639 | D:2      | Reached skill level 5 in Ice Magic
  1639 | D:2      | Reached skill level 5 in Air Magic
  1639 | D:2      | Reached skill level 5 in Earth Magic
  1639 | D:2      | Reached skill level 5 in Poison Magic
  1639 | D:2      | Reached XP level 6. HP: 13/40 MP: 0/0
  1643 | D:2      | Noticed Natasha
  1656 | D:2      | Killed Natasha
  1760 | D:3      | Found a basalt altar of Yredelemnul.
  1991 | D:3      | Found a glowing drain.
  1995 | Sewer    | Entered a sewer
  2039 | Sewer    | Reached XP level 7. HP: 36/45 MP: 0/0
  2039 | Sewer    | Learned a level 3 spell: Teleport Other
  2605 | D:3      | Found a runed translucent door.
  2606 | D:3      | Noticed Crazy Yiuf
  2746 | D:3      | Killed Crazy Yiuf
  2868 | D:4      | Reached skill level 1 in Fighting
  2991 | D:4      | Found Xuvof's Distillery.
  2999 | D:4      | Bought a potion of degeneration for 14 gold pieces
  2999 | D:4      | Bought a potion of enlightenment for 70 gold pieces
  2999 | D:4      | Bought a potion of lignification for 42 gold pieces
  3049 | D:4      | Reached XP level 8. HP: 52/56 MP: 0/0
  3209 | D:4      | Found a shadowy altar of Dithmenos.
  3286 | D:5      | Entered Level 5 of the Dungeon
  3335 | D:5      | Reached skill level 5 in Fighting
  3527 | D:5      | Noticed Blork the orc
  3535 | D:5      | Killed Blork the orc
  4044 | D:6      | HP: 3/62 [ice beast (19)]
  4045 | D:6      | Mangled by an ice beast

Illustrated notes

Levels and vault maps discovered:
D:1:      arrival_aquarium_b, layout_basic, nicolae_ecumenical_snake_handling,
          minmay_3d_cube
D:2:      layout_rooms, uniq_jessica, uniq_terence, uniq_natasha
D:3:      layout_basic, nicolae_yredelemnul_corpse_copse, gup_sewer_entry_bowl,
          uniq_crazy_yiuf_cottage
D:4:      layout_rooms, nicolae_dithmenos_the_darkroom, serial_shops, shop,
          minmay_misc_feat_roman, roderic_roman_lattice
D:5:      layout_basic, minmay_misc_feat_enclosed, uniq_blork_the_orc
D:6:      layout_loops_ring, hangedman_abyss_or_decor_slice

Skill      XL: |  1  2  3  4  5  6  7  8 |
---------------+-------------------------+-----
Spellcasting   | 4 5 6 |  6.3
Conjurations   | 4 5 6 |  6.3
Hexes          | 4 5 6 |  6.3
Summonings     | 4 5 6 |  6.3
Necromancy     | 4 5 6 |  6.3
Translocations | 4 5 6 |  6.3
Transmutations | 4 5 6 |  6.3
Fire Magic     | 4 5 6 |  6.3
Ice Magic      | 4 5 6 |  6.3
Air Magic      | 4 5 6 |  6.3
Earth Magic    | 4 5 6 |  6.3
Poison Magic   | 4 5 6 |  6.3
Fighting       | 3 6 |  6.7
Dodging        | |  2.1
Stealth        | |  1.5

Action                     |  1- 3 |  4- 6 |  7- 9 || total
---------------------------+-------+-------+-------++-------
  Melee: Dagger            |     3 |    63 |    52 ||   118
         Unarmed           |     2 |       |       ||     2
   Cast: Sting             |    90 |    65 |    68 ||   223
         Olgreb's Toxic Ra |       |     8 |    22 ||    30
         Mephitic Cloud    |       |     3 |     6 ||     9
         Poisonous Vapours |       |     3 |     8 ||    11
         Magic Dart        |       |       |    16 ||    16
         Teleport Other    |       |       |     2 ||     2
    Use: Scroll            |       |       |     4 ||     4
         Potion            |       |       |     1 ||     1
   Stab: Confused          |       |     1 |     1 ||     2
 Armour: Robe              |     7 |    17 |    16 ||    40
  Dodge: Dodged            |    37 |    40 |    49 ||   126

Table legend: (Time is in decaauts)
 A = Elapsed time spent in this place.
 B = Non-inter-level travel time spent in this place.
 C = Inter-level travel time spent in this place.
 D = Time resting spent in this place.
 E = Time spent auto-exploring this place.
 F = Levels seen in this place.
 G = Mean time per level.
                   A        B        C        D        E       F      G
               +--------+--------+--------+--------+--------+-----+--------+
         Total |   4004 |   3744 |    260 |    201 |   2712 |   7 |  572.0 |
       Dungeon |   3738 |   3478 |    260 |    195 |   2544 |   6 |  623.0 |
         Sewer |    266 |    266 |      0 |      6 |    168 |   1 |  266.0 |
               +--------+--------+--------+--------+--------+-----+--------+

Top non-repeatable levels by time:
     D:1: 1048 daAuts
     D:3: 758 daAuts
     D:2: 710 daAuts
     D:5: 651 daAuts
     D:4: 536 daAuts
   Sewer: 266 daAuts
     D:6: 32 daAuts
